 Dungeon Crawl Stone Soup version 0.30.0-29-ga12c61a403 (webtiles) character file.

Game seed: 12644058598932254125

207 qw the Chopper (level 5, -10/32 HPs)
             Began as a Gargoyle Fighter on June 3, 2023.
             Mangled by an orc warrior
             ... wielding a +0 heavy glaive
              (12 damage)
             ... on level 4 of the Dungeon.
             The game lasted 00:01:15 (2802 turns).

qw the Chopper (Gargoyle Fighter)                   Turns: 2802, Time: 00:01:16

Health: -10/32     AC: 12    Str: 22    XL:     5   Next: 85%
Magic:  5/5        EV:  9    Int:  8    God:
Gold:   150        SH:  4    Dex:  9    Spells: 4/4 levels left

rFire   . . .        Y - +0 war axe
rCold   . . .        c - +0 buckler
rNeg    + . .        b - +0 scale mail
rPois   inf          (no helmet)
rElec   +            (no cloak)
rCorr   .            (no gloves)
SInv    .            j - +0 pair of boots
Will    .....        (no amulet) Stlth
                     (no ring)
HPRegen 0.25/turn    (no ring)
MPRegen 0.09/turn

%: no passive effects
@: no status effects
A: sickness immunity, AC +4, negative energy resistance 1, electricity
resistance, torment resistance 1, petrification resistance
a: no special abilities


You were on level 4 of the Dungeon.
You visited 1 branch of the dungeon, and saw 4 of its levels.

You collected 150 gold pieces.


Innate Abilities, Weirdness & Mutations

You are immune to sickness and miasma.
Your stone body is resilient. (AC +4)
You are immune to poison.
You resist negative energy. (rN+)
You are resistant to electric shocks. (rElec)
You are resistant to unholy torment.
You are immune to petrification.


   Skills:
 + Level 3.3 Fighting
 - Level 5.2 Axes
 - Level 1.0 Throwing
 - Level 3.2 Armour
 - Level 3.2 Shields


You had 4 spell levels left.
You didn't know any spells.
Your spell library was empty.

Inventory:

Hand Weapons
 i - a +0 mace
 Y - a +0 war axe (weapon)
Missiles
 m - 10 javelins (quivered)
Armour
 b - a +0 scale mail (worn)
 c - a +0 buckler (worn)
 j - a +0 pair of boots (worn)
Scrolls
 a - 3 scrolls of identify
Potions
 d - a potion of might
 e - 2 potions of attraction
 h - a potion of lignification
 k - 2 potions of curing
 l - a potion of brilliance {unknown}
 n - 2 potions of heal wounds {unknown}
 o - a potion of flight {unknown}
 q - a potion of mutation {unknown}

Dungeon Overview and Level Annotations

Branches:
Dungeon (4/15)
 Temple: D:4-7

Altars:
Ru


Message History

A goblin comes into view. It is wielding a +0 club.
Found a ring mail.
The goblin shouts!
An orc comes into view. It is wielding a +0 club.
Enter note: 2 goblins and a ball python come into view.
The goblin shouts!
The orc shouts!
You hear a shout!
The orc warrior barely misses you.
A goblin comes into view. It is wielding a +0 dagger.
Enter note: You hit the orc warrior.
The orc warrior is lightly wounded.
The orc warrior barely misses you.
You closely miss the orc warrior.
The orc warrior is lightly wounded.
You barely miss the orc. The orc hits you with a +0 club.
You hit the orc warrior but do no damage.
The orc warrior is lightly wounded.
You hit the goblin.
You kill the goblin!
You barely miss the orc. The orc hits you but does no damage.
The orc warrior hits you with a +0 heavy glaive.
You hit the orc warrior.
The orc warrior is moderately wounded.
You hit the orc but do no damage.
You hit the ball python but do no damage.
You barely miss the orc.
The orc hits you but does no damage. x2; You block the ball python's attack.
The ball python grabs you. The ball python constricts you.
The orc warrior hits you with a +0 heavy glaive!!
Ouch! That really hurt!
You slash the ball python!
You kill the ball python!
You slash the orc warrior! You barely miss the orc. x2
A hobgoblin comes into view.
You block the orc's attack. The orc hits you but does no damage. x2
The orc warrior hits you with a +0 heavy glaive!
You die...

....## ..............
....... #..#.........
....... #...........
.......########.........
.................>......
............###........#
............# #...######
.[....%.....# #.........
####.o@....###.........
#goog...##..........
#.g.....##.......###
.........##.......#
..........##.......#
.........#####.......#
g#####...# #.........#
#...# #.........#
#..?#######


You could see an orc warrior, 2 orcs, a hobgoblin (wandering) and 3 goblins.

Vanquished Creatures
  An iguana (D:4)
  Natasha (twice) (D:2)
  5 adders
  A worm (D:2)
  5 dart slugs
  3 orcs (D:3)
  6 ball pythons
  7 endoplasms
  A giant cockroach (D:1)
  7 goblins
  3 hobgoblins
  3 jackals (D:1)
  6 kobolds
  4 quokkas
  6 bats
  4 frilled lizards
  5 rats (D:1)
69 creatures vanquished.

Notes
Turn   | Place    | Note
-------+----------+-------------------------------------------
     0 | D:1      | qw the Gargoyle Fighter began the quest for the Orb.
     0 | D:1      | Reached XP level 1. HP: 14/14 MP: 1/1
     0 | D:1      | 0 ||| qw: Version: 0.2-a-103-g5a998e5
     0 | D:1      | 0 ||| qw: Game counter: 1109
     0 | D:1      | 0 ||| qw: Always use a shield: true
     0 | D:1      | 0 ||| qw: God list: Okawaru
     0 | D:1      | 0 ||| qw: Allow faded altars: false
     0 | D:1      | 0 ||| qw: Do Orc after D:15 true
     0 | D:1      | 0 ||| qw: Do second Lair branch before Depths: true
     0 | D:1      | 0 ||| qw: Lair rune preference: random
     0 | D:1      | 0 ||| qw: Plans: Normal, Zot:1-4, Slime:5, God:TSO, Crypt,
                  | Tomb, Pan, Hells, Abyss, Win
     0 | D:1      | 0 ||| PLANNING D:1-11
    65 | D:1      | Reached skill level 2 in Axes
   122 | D:1      | Reached XP level 2. HP: 19/19 MP: 2/2
   186 | D:1      | 186 ||| Stepping ~*~*~tactically~*~*~ (hiding).
   433 | D:1      | 433 ||| Stepping ~*~*~tactically~*~*~ (hiding).
   438 | D:1      | Reached skill level 3 in Axes
   442 | D:1      | Reached XP level 3. HP: 17/23 MP: 3/3
   653 | D:1      | Reached skill level 1 in Throwing
   797 | D:1      | 797 ||| READING 2 scrolls labelled KAKANKAICE.
   798 | D:1      | 798 ||| READING scroll labelled MOSMESHOTA.
   799 | D:1      | 799 ||| READING scroll labelled HOZEAV DAFI.
   800 | D:1      | 800 ||| READING 4 scrolls labelled AWUACU GIGI.
   801 | D:1      | 801 ||| READING scroll labelled DIUSKO VUAJ.
   802 | D:1      | 802 ||| DROPPING 3 scrolls of vulnerability.
   870 | D:2      | 870 ||| DROPPING +0 club.
  1000 | D:2      | 1000 ||| Stepping ~*~*~tactically~*~*~ (hiding).
  1024 | D:2      | Noticed Natasha
  1032 | D:2      | Killed Natasha
  1033 | D:2      | Reached XP level 4. HP: 14/28 MP: 4/4
  1072 | D:2      | 1072 ||| Stepping ~*~*~tactically~*~*~ (stealth).
  1073 | D:2      | 1073 ||| Stepping ~*~*~tactically~*~*~ (stealth).
  1074 | D:2      | 1074 ||| FLEEEEING.
  1091 | D:2      | Noticed Natasha
  1092 | D:2      | 1092 ||| Stepping ~*~*~tactically~*~*~ (stealth).
  1099 | D:2      | Killed Natasha
  1100 | D:2      | Reached skill level 4 in Axes
  1222 | D:2      | 1222 ||| Stepping ~*~*~tactically~*~*~ (hiding).
  1224 | D:2      | 1224 ||| Stepping ~*~*~tactically~*~*~ (hiding).
  1495 | D:2      | Reached XP level 5. HP: 32/32 MP: 5/5
  1691 | D:2      | 1691 ||| UPGRADING to +0 pair of boots.
  1696 | D:2      | 1696 ||| DROPPING ring of wizardry.
  1697 | D:2      | 1697 ||| READING scroll labelled ALANIC UKKUN.
  1698 | D:2      | 1698 ||| READING scroll labelled QACOEDGHANWU.
  1799 | D:2      | 1799 ||| READING 4 scrolls of identify.
  1799 | D:2      | 1799 ||| IDENTIFYING sedimented grey potion
  1800 | D:2      | 1800 ||| READING 3 scrolls of identify.
  1800 | D:2      | 1800 ||| IDENTIFYING brown potion
  1801 | D:2      | 1801 ||| READING 2 scrolls of identify.
  1801 | D:2      | 1801 ||| IDENTIFYING fizzy black potion
  1810 | D:3      | 1810 ||| Stepping ~*~*~tactically~*~*~ (stealth).
  1854 | D:3      | Found a sacrificial altar of Ru.
  1888 | D:3      | 1888 ||| Stepping ~*~*~tactically~*~*~ (hiding).
  2099 | D:3      | 2099 ||| READING scroll labelled AWKIXZ MIXTAHO.
  2100 | D:3      | 2100 ||| READING scroll labelled ERECUD MIDACW.
  2368 | D:3      | 2368 ||| Stepping ~*~*~tactically~*~*~ (stealth).
  2647 | D:3      | 2647 ||| READING scroll labelled LUASHI VACRIL.
  2739 | D:4      | Reached skill level 5 in Axes
  2794 | D:4      | Noticed an orc warrior
  2801 | D:4      | HP: 1/32 [orc warrior/+0 heavy glaive (23)]
  2802 | D:4      | Mangled by an orc warrior

Levels and vault maps discovered:
D:1:      minmay_arrival_checkered_box, layout_rooms, serial_bayou,
          serial_bayou_pond_c, serial_bayou_shore_a, serial_bayou_crossing,
          serial_bayou_pond_a, minmay_misc_feat_room
D:2:      layout_basic, uniq_natasha
D:3:      layout_loops_ring, amcnicky_altar_gilded
D:4:      layout_basic, vehumet_statue, serial_shops, nicolae_square_shop,
          nicolae_stop_n_shop_1, nicolae_shop_statue_plus,
          nicolae_shop_tiny_glass, shop, uniq_robin

Skill      XL: |  1  2  3  4  5 |
---------------+----------------+-----
Axes           | 2 3 4 5 |  5.2
Throwing       | 1 |  1.0
Fighting       | |  3.3
Armour         | |  3.2
Shields        | |  3.2

Action                     |  1- 3 |  4- 6 || total
---------------------------+-------+-------++-------
  Melee: War axe           |    92 |    78 ||   170
  Throw: Javelin           |    13 |    25 ||    38
    Use: Scroll            |     5 |     8 ||    13
 Armour: Scale mail        |    52 |    39 ||    91
  Dodge: Dodged            |    44 |    41 ||    85
  Block: Buckler           |    19 |    16 ||    35

Table legend:
 A = Non-vault XP
 B = Vault XP
 C = Vault XP percentage of total XP
 D = Non-vault monster count
 E = Vault monster count
 F = Vault count percentage of total count
                 A         B        C        D         E       F
            +---------+---------+-------+---------+---------+-------
      Total |     259 |      39 |  13.1 |      67 |       2 |   2.9
            +---------+---------+-------+---------+---------+-------
        D:1 |      53 |       0 |   0.0 |      28 |       0 |   0.0
        D:2 |      79 |      37 |  31.9 |      16 |       1 |   5.9
        D:3 |      84 |       0 |   0.0 |      20 |       0 |   0.0
        D:4 |      43 |       2 |   4.4 |       3 |       1 |  25.0
            +---------+---------+-------+---------+---------+-------
